 Dungeon Crawl Stone Soup version 0.31-a0-1068-g5939ac1 (webtiles) character file.

Game seed: 12187133799694775916

140 sdynet the Trooper (level 5, 0/44 (46) HPs)
             Began as an Armataur Warper on Nov 24, 2023.
             Succumbed to Crazy Yiuf's poison
             ... on level 3 of the Dungeon.
             The game lasted 00:09:04 (1828 turns).

sdynet the Trooper (Armataur Warper)                Turns: 1828, Time: 00:09:05

HP:   0/44 (46)     AC:  4    Str: 16    XL:     5   Next: 2%
MP:   7/7           EV:  9    Int: 14    God:
Gold: 68            SH:  0    Dex: 11    Spells: 2/7 levels left

rFire   . . .        a - +0 whip (elec)
rCold   . . .        (no shield)
rNeg    . . .        i - +0 leather armour
rPois   .            (no helmet)
rElec   .            (no cloak)
rCorr   +            (no gloves)
SInv    +            (no barding)
Will    .....        (no amulet)
Stlth   ++           j - ring of resist corrosion
HPRegen 0.27/turn    m - ring of see invisible
MPRegen 0.10/turn

%: roll
@: lethally poisoned (0 -> -15), hasted, lightly drained, very quick
A: large, deformed body, tough skin 3, armoured tail, roll 1, long tongue
a: no special abilities


You were on level 3 of the Dungeon.
You visited 1 branch of the dungeon, and saw 3 of its levels.

You collected 68 gold pieces.

Inventory:

Hand Weapons
 a - a +0 whip of electrocution (weapon)
 b - a +0 dagger
 k - a +0 short sword
 o - a +0 short sword of freezing
Missiles
 d - 2 darts of dispersal (quivered)
 n - 3 javelins
 Z - 5 poisoned darts
Armour
 i - a +0 leather armour (worn)
 l - a +0 ring mail
Magical Staves
 s - a staff of air
Jewellery
 j - a ring of resist corrosion (left hand)
 m - a ring of see invisible (right hand)
Scrolls
 c - a scroll of blinking
 f - a scroll of butterflies {unknown}
 p - a scroll of immolation {unknown}
 r - a scroll of teleportation {!r}
 t - a scroll of enchant armour {unknown}
 u - a scroll of fear {unknown}
Potions
 h - a potion of invisibility {unknown}
 q - a potion of magic {unknown}
 v - a potion of experience {unknown}


   Skills:
 * Level 4.1 Fighting
 - Level 1.7 Short Blades
 - Level 0.8 Throwing
 - Level 1.2 Armour
 - Level 1.3 Dodging
 - Level 3.0 Stealth
 - Level 1.7 Spellcasting
 - Level 3.0 Translocations


You had 2 spell levels left.
You knew the following spells:

 Your Spells              Type           Power      Damage    Failure   Level
b - Teleport Other        Tloc           9%         N/A       26%         3
q - Blink                 Tloc           18%        N/A       13%         2

Your spell library contained the following spells:

 Spells                   Type           Power      Damage    Failure   Level
 Lesser Beckoning         Tloc           18%        N/A       13%         2
 Manifold Assault         Tloc           9%         N/A       65%         4
 Vhi's Electric Charge    Tloc/Air       10%        N/A       85%         4


Dungeon Overview and Level Annotations

Branches:
Dungeon (3/15)

Altars:
Hepliaklqana

Shops:
D:2 [

Annotations:
D:3 Crazy Yiuf, Sigmund


Innate Abilities, Weirdness & Mutations

Armour fits poorly on your strangely shaped body.
You have extremely tough skin. (AC +3)
You have a long armoured tail.
You roll when moving toward enemies. (Rampage)
Your long tongue fully drains potion bottles. (2x potion effects)


Message History

Z - 5 poisoned darts
Found a glowing hammer.
Found a runed translucent door.
Press: ? - help, v - describe, . - travel
Here: Crazy Yiuf, wielding a +3 quarterstaff of chaos and wearing a +2 cloak of poison resistance (asleep, fire blocked by a runed translucent door)
The floor.
Okay, then.
Okay, then.
Okay, then.
You open the door.
You roll towards Crazy Yiuf!
You closely miss Crazy Yiuf.
You tail-slap Crazy Yiuf, but do no damage.
Crazy Yiuf laughs, "Lay bush toodlewoodle!"
Crazy Yiuf hits you with a +3 quarterstaff of chaos!
You feel drained.
Okay, then.
Crazy Yiuf screams, "Adder arga poople!"
There is an open translucent door here.
Crazy Yiuf cries, "Peeping meccalolo Hive!"
Throw: 4 darts (disperse)
Press: ? - help, Shift-Dir - straight line, f - Crazy Yiuf
Aim: Crazy Yiuf, wielding a +3 quarterstaff of chaos and wearing a +2 cloak of poison resistance (58% to hit)
You throw a dart of dispersal.
The dart of dispersal closely misses Crazy Yiuf.
Crazy Yiuf hits you with a +3 quarterstaff of chaos!
You are lethally poisoned!
Throw: 3 darts (disperse)
Press: ? - help, Shift-Dir - straight line, f/p - Crazy Yiuf
Aim: Crazy Yiuf, wielding a +3 quarterstaff of chaos and wearing a +2 cloak of poison resistance (58% to hit)
You throw a dart of dispersal.
The dart of dispersal barely misses Crazy Yiuf.
* * * LOW HITPOINT WARNING * * *
You feel very sick.
Crazy Yiuf hits you with a +3 quarterstaff of chaos.
* * * LOW HITPOINT WARNING * * *
Crazy Yiuf burns you.
* * * LOW HITPOINT WARNING * * *
It was a potion of haste.
You feel yourself speed up.
You slurp down every last drop of the potion of haste!
You die...

##### #)..# #...#
#...# ##g## ## ♣@♣♣
.. ♣♣.♣ ## #.# ♣.♣♣
...##.# ♣♣.♣ #.##.#
♣♣.♣♣ ##.##.#
♣♣...♣ ......#
♣....♣ ##.##.#
#....#
#.##.##########..##


You could see Crazy Yiuf.

Vanquished Creatures
  A phantom (D:3)
  2 adders (D:2)
  2 worms
  A dart slug (D:2)
  5 bats (D:1)
  3 endoplasms (D:1)
  2 giant cockroaches (D:1)
  5 hobgoblins
  2 jackals (D:2)
  5 ball pythons
  5 goblins
  4 kobolds
  4 rats
41 creatures vanquished.

Notes
Turn   | Place    | Note
-------+----------+-------------------------------------------
     0 | D:1      | sdynet the Armataur Warper began the quest for the Orb.
     0 | D:1      | Reached XP level 1. HP: 17/17 MP: 3/3
    74 | D:1      | Reached skill level 2 in Fighting
    94 | D:1      | Reached skill level 1 in Stealth
   169 | D:1      | Reached XP level 2. HP: 21/24 MP: 4/4
   586 | D:2      | Reached XP level 3. HP: 30/30 MP: 5/5
   984 | D:2      | Reached skill level 3 in Fighting
  1155 | D:2      | Found Unohaan's Armour Boutique.
  1255 | D:2      | Found a hazy altar of Hepliaklqana.
  1630 | D:2      | Learned a level 2 spell: Blink
  1634 | D:2      | Learned a level 3 spell: Teleport Other
  1746 | D:3      | Noticed Sigmund
  1791 | D:3      | Noticed a phantom
  1804 | D:3      | Killed a phantom
  1805 | D:3      | Reached skill level 4 in Fighting
  1805 | D:3      | Reached XP level 4. HP: 35/40 MP: 6/6
  1805 | D:3      | Reached XP level 5. HP: 40/46 MP: 7/7
  1817 | D:3      | Found a runed translucent door.
  1818 | D:3      | Noticed Crazy Yiuf
  1827 | D:3      | HP: 2/44 [Crazy Yiuf/+3 quarterstaff of chaos (3)]
  1828 | D:3      | Succumbed to Crazy Yiuf's poison

Illustrated notes

Levels and vault maps discovered:
D:1:      lemuel_arrival_room, layout_basic
D:2:      layout_loops_corners, serial_shops, shop, basic_altar,
          nrook_loot_triangle, minmay_split_cup_large
D:3:      minmay_evil_eye, layout_loops_ring, lemuel_crystal_altar, uniq_robin,
          uniq_sigmund, uniq_crazy_yiuf_cottage

Skill      XL: |  1  2  3 |
---------------+----------+-----
Fighting       | 2 4 |  4.1
Stealth        | 1 3 |  3.0
Short Blades   | |  1.7
Throwing       | |  0.8
Armour         | |  1.2
Dodging        | |  1.3
Spellcasting   | |  1.7
Translocations | |  3.0

Action                     |  1- 3 |  4- 6 || total
---------------------------+-------+-------++-------
  Melee: Short sword       |    81 |       ||    81
         Tailslap          |    12 |     1 ||    13
         Whip              |    61 |     1 ||    62
         Punch             |     2 |       ||     2
  Throw: Dart              |     3 |     2 ||     5
         Javelin           |     7 |       ||     7
    Use: Potion            |     2 |     1 ||     3
         Scroll            |     1 |       ||     1
   Stab: Sleeping          |     1 |       ||     1
 Armour: Leather armour    |   100 |     3 ||   103
  Dodge: Dodged            |    80 |       ||    80

Table legend: (Time is in decaauts)
 A = Elapsed time spent in this place.
 B = Non-inter-level travel time spent in this place.
 C = Inter-level travel time spent in this place.
 D = Time resting spent in this place.
 E = Time spent auto-exploring this place.
 F = Levels seen in this place.
 G = Mean time per level.
                   A        B        C        D        E       F      G
               +--------+--------+--------+--------+--------+-----+--------+
         Total |   1827 |   1679 |    148 |      0 |   1314 |   3 |  609.0 |
       Dungeon |   1827 |   1679 |    148 |      0 |   1314 |   3 |  609.0 |
               +--------+--------+--------+--------+--------+-----+--------+

Top non-repeatable levels by time:
     D:2: 1119 daAuts
     D:1: 623 daAuts
     D:3: 85 daAuts
